% Time on Ice - ANAHEIM OUTLAWS
Lines # - Real PCT - Wanted PCT - Time Play
Normal Forward
1 - 33% - 36% - 14:36
2 - 27% - 31% - 11:58
3 - 29% - 23% - 12:51
4 - 10% - 10% - 4:34
Normal Defense
1 - 35% - 36% - 15:32
2 - 28% - 31% - 12:24
3 - 29% - 23% - 12:45
4 - 8% - 10% - 3:18
PP Forward
1 - 57% - 55% - 2:15
2 - 43% - 45% - 1:43
PP Defense
1 - 47% - 55% - 1:52
2 - 53% - 45% - 2:06
PK Forward
1 - 57% - 55% - 6:51
2 - 43% - 45% - 5:12
PK Defense
1 - 45% - 55% - 5:26
2 - 55% - 45% - 6:37
PK3 Forward
1 - 0% - 55%
2 - 0% - 45%
PK3 Defense
1 - 0% - 55%
2 - 0% - 45%
44 Forward
1 - 0% - 55%
2 - 0% - 45%
44 Defense
1 - 0% - 55%
2 - 0% - 45%
Last Minute Offensive  - 0:00
Last Minute Defensive  - 0:00
Total
Forward - 60:00
Defense - 60:00
% Time on Ice - KELOWNA ROCKETS
Lines # - Real PCT - Wanted PCT - Time Play
Normal Forward
1 - 35% - 37% - 15:23
2 - 33% - 36% - 14:38
3 - 23% - 27% - 10:08
4 - 9% - 0% - 3:50
Normal Defense
1 - 36% - 37% - 15:47
2 - 33% - 35% - 14:44
3 - 30% - 28% - 13:02
4 - 1% - 0% - 0:26
PP Forward
1 - 59% - 65% - 7:07
2 - 41% - 35% - 4:56
PP Defense
1 - 54% - 60% - 6:34
2 - 46% - 40% - 5:29
PK Forward
1 - 94% - 65% - 3:44
2 - 6% - 35% - 0:14
PK Defense
1 - 37% - 55% - 1:27
2 - 63% - 45% - 2:31
PK3 Forward
1 - 0% - 60%
2 - 0% - 40%
PK3 Defense
1 - 0% - 55%
2 - 0% - 45%
44 Forward
1 - 0% - 55%
2 - 0% - 45%
44 Defense
1 - 0% - 55%
2 - 0% - 45%
Last Minute Offensive  - 0:00
Last Minute Defensive  - 0:00
Total
Forward - 60:00
Defense - 60:00
Play-by-Play 1st period 0:01 of 1st period - Evgeny Kuznetsov wins face-off versus Auston Matthews in neutral zone. 0:35 of 1st period - Shot by Evgeny Kuznetsov. 0:35 of 1st period - Shot Misses the Net. 0:37 of 1st period - Shot by Morgan Rielly. 0:37 of 1st period - Stopped by Sergei Bobrovsky without a rebound. 0:38 of 1st period - Anthony Cirelli wins face-off versus Sam Bennett in KELOWNA ROCKETS zone. 1:16 of 1st period - Shot by Sam Bennett. 1:16 of 1st period - Shot Blocked by Anthony DeAngelo. 1:18 of 1st period - Shot by Jeff Skinner. 1:18 of 1st period - Shot Misses the Net. 1:20 of 1st period - Shot by Sam Bennett. 1:20 of 1st period - Shot Misses the Net. 1:41 of 1st period - Minor Penalty to Dylan Coghlan for Interference. 1:42 of 1st period - Evgeny Kuznetsov wins face-off versus Auston Matthews in ANAHEIM OUTLAWS zone. 2:01 of 1st period - Shot by Tyler Bertuzzi. 2:01 of 1st period - Shot Misses the Net. 3:19 of 1st period - Shot by Pavel Buchnevich. 3:19 of 1st period - Stopped by Mackenzie Blackwood without a rebound. 3:20 of 1st period - Adrian Kempe wins face-off versus Anthony Cirelli in ANAHEIM OUTLAWS zone. 3:55 of 1st period - Shot by Keegan Kolesar. 3:55 of 1st period - Stopped by Mackenzie Blackwood without a rebound. 3:56 of 1st period - J.T. Compher wins face-off versus Michael Rasmussen in ANAHEIM OUTLAWS zone. 4:15 of 1st period - Shot by J.T. Compher. 4:15 of 1st period - Deflect By Tyler Bertuzzi. 4:15 of 1st period - Stopped by Mackenzie Blackwood without a rebound. 4:16 of 1st period - Pius Suter wins face-off versus Auston Matthews in ANAHEIM OUTLAWS zone. 5:31 of 1st period - Valeri Nichushkin is hit by Henri Jokiharju and loses puck. 6:37 of 1st period - Shot by Tyler Bertuzzi. 6:37 of 1st period - Shot Misses the Net. 7:15 of 1st period - Icing by Evgeny Kuznetsov. 7:16 of 1st period - Auston Matthews wins face-off versus Evgeny Kuznetsov in ANAHEIM OUTLAWS zone. 7:19 of 1st period - Shot by Pavel Buchnevich. 7:19 of 1st period - Goal by Pavel Buchnevich - ANAHEIM OUTLAWS : 0 - KELOWNA ROCKETS : 1. 7:20 of 1st period - Auston Matthews wins face-off versus Michael Bunting in neutral zone. 7:22 of 1st period - Off-side. 7:23 of 1st period - Sam Bennett wins face-off versus Auston Matthews in neutral zone. 7:45 of 1st period - Auston Matthews is hit by Dylan Coghlan and loses puck. 8:08 of 1st period - Shot by Pavel Buchnevich. 8:08 of 1st period - Stopped by Mackenzie Blackwood with a rebound. 8:19 of 1st period - Icing by Jonathon Merrill. 8:20 of 1st period - Evgeny Kuznetsov wins face-off versus Auston Matthews in KELOWNA ROCKETS zone. 8:54 of 1st period - Icing by Dmitri Orlov. 8:55 of 1st period - J.T. Compher wins face-off versus Michael Rasmussen in KELOWNA ROCKETS zone. 9:02 of 1st period - Shot by Tyler Bertuzzi. 9:02 of 1st period - Shot Misses the Net. 9:04 of 1st period - Shot by Derek Ryan. 9:04 of 1st period - Deflect By Tyler Bertuzzi. 9:04 of 1st period - Stopped by Mackenzie Blackwood without a rebound. 9:05 of 1st period - Anthony Cirelli wins face-off versus Sam Bennett in ANAHEIM OUTLAWS zone. 9:06 of 1st period - Shot by Alexander Ovechkin. 9:06 of 1st period - Stopped by Mackenzie Blackwood without a rebound. 9:07 of 1st period - Anthony Cirelli wins face-off versus Evgeny Kuznetsov in ANAHEIM OUTLAWS zone. 9:37 of 1st period - Shot by Alexander Ovechkin. 9:37 of 1st period - Deflect By Anthony Cirelli. 9:37 of 1st period - Shot Misses the Net. 10:25 of 1st period - Shot by Sam Bennett. 10:25 of 1st period - Shot Misses the Net. 10:27 of 1st period - Shot by Michael Bunting. 10:27 of 1st period - Deflect By Sam Bennett. 10:27 of 1st period - Shot Misses the Net. 10:29 of 1st period - Shot by Michael Bunting. 10:29 of 1st period - Shot Misses the Net. 10:31 of 1st period - Shot by Sam Bennett. 10:31 of 1st period - Shot Blocked by Duncan Keith. 10:57 of 1st period - Shot by Michael Rasmussen. 10:57 of 1st period - Shot Hit the Post. 11:38 of 1st period - Shot by Vladimir Tarasenko. 11:38 of 1st period - Shot Misses the Net. 12:40 of 1st period - Valeri Nichushkin is hit by Noah Hanifin and loses puck. 12:50 of 1st period - Minor Penalty to Henri Jokiharju for Diving. 12:51 of 1st period - Auston Matthews wins face-off versus Evgeny Kuznetsov in ANAHEIM OUTLAWS zone. 12:52 of 1st period - Shot by Vladimir Tarasenko. 12:52 of 1st period - Shot Misses the Net. 14:15 of 1st period - Icing by Adam Fox. 14:16 of 1st period - Evgeny Kuznetsov wins face-off versus Auston Matthews in KELOWNA ROCKETS zone. 14:23 of 1st period - Shot by Michael Bunting. 14:23 of 1st period - Stopped by Sergei Bobrovsky with a rebound. 14:29 of 1st period - Shot by Alexander Ovechkin. 14:29 of 1st period - Stopped by Mackenzie Blackwood without a rebound. 14:30 of 1st period - Anthony Cirelli wins face-off versus Sam Bennett in ANAHEIM OUTLAWS zone. 14:30 of 1st period - Pavel Buchnevich is hit by Dylan Coghlan. 14:38 of 1st period - Shot by Pavel Buchnevich. 14:38 of 1st period - Shot Blocked by Adrian Kempe. 15:08 of 1st period - Shot by Keegan Kolesar. 15:08 of 1st period - Shot Misses the Net. 15:18 of 1st period - Shot by Jonathan Dahlen. 15:18 of 1st period - Shot Misses the Net. 15:20 of 1st period - Shot by Mark Giordano. 15:20 of 1st period - Shot Blocked by Thomas Hickey. 16:00 of 1st period - Morgan Rielly is hit by Anthony Cirelli and loses puck. 16:09 of 1st period - Shot by Valeri Nichushkin. 16:09 of 1st period - Shot Misses the Net. 16:16 of 1st period - Adam Fox is hit by Evgeny Kuznetsov and loses puck. 17:02 of 1st period - Off-side. 17:03 of 1st period - J.T. Compher wins face-off versus Sam Bennett in neutral zone. 17:06 of 1st period - Jeff Skinner is hit by Tyler Bertuzzi and loses puck. 17:28 of 1st period - Shot by Tyler Bertuzzi. 17:28 of 1st period - Stopped by Mackenzie Blackwood with a rebound. 17:53 of 1st period - Off-side. 17:54 of 1st period - Pius Suter wins face-off versus Auston Matthews in neutral zone. 17:57 of 1st period - Pavel Buchnevich is hit by Pius Suter and loses puck. 18:01 of 1st period - Icing by Duncan Keith. 18:02 of 1st period - Auston Matthews wins face-off versus Pius Suter in KELOWNA ROCKETS zone. 18:21 of 1st period - Shot by Pavel Buchnevich. 18:21 of 1st period - Goal by Pavel Buchnevich - ANAHEIM OUTLAWS : 0 - KELOWNA ROCKETS : 2. 18:22 of 1st period - Evgeny Kuznetsov wins face-off versus Anthony Cirelli in neutral zone. 18:35 of 1st period - Shot by Evgeny Kuznetsov. 18:35 of 1st period - Shot Misses the Net. 19:14 of 1st period - Minor Penalty to Sam Bennett for Interference. 19:15 of 1st period - Auston Matthews wins face-off versus Evgeny Kuznetsov in ANAHEIM OUTLAWS zone. 19:16 of 1st period - Shot by Tyler Bertuzzi. 19:16 of 1st period - Shot Blocked by Morgan Rielly. 19:18 of 1st period - Shot by Dmitri Orlov. 19:18 of 1st period - Stopped by Mackenzie Blackwood with a rebound. 19:20 of 1st period - Shot by Anthony DeAngelo. 19:20 of 1st period - Stopped by Mackenzie Blackwood without a rebound. 19:21 of 1st period - Auston Matthews wins face-off versus Evgeny Kuznetsov in ANAHEIM OUTLAWS zone. 19:36 of 1st period - Shot by Tyler Bertuzzi. 19:36 of 1st period - Shot Blocked by Michael Bunting. 19:38 of 1st period - Shot by Anthony DeAngelo. 19:38 of 1st period - Shot Misses the Net. Goals for this period are 0 for ANAHEIM OUTLAWS vs 2 for KELOWNA ROCKETS. Shots for this period are 2 for ANAHEIM OUTLAWS vs 12 for KELOWNA ROCKETS. 2nd period 0:01 of 2nd period - Evgeny Kuznetsov wins face-off versus Auston Matthews in neutral zone. 0:06 of 2nd period - Morgan Rielly is hit by Vladimir Tarasenko and loses puck. 0:11 of 2nd period - Shot by Alexander Ovechkin. 0:11 of 2nd period - Stopped by Mackenzie Blackwood with a rebound. 0:13 of 2nd period - Shot by Adam Fox. 0:13 of 2nd period - Goal by Adam Fox - ANAHEIM OUTLAWS : 0 - KELOWNA ROCKETS : 3. 0:14 of 2nd period - J.T. Compher wins face-off versus Pius Suter in neutral zone. 0:40 of 2nd period - Shot by J.T. Compher. 0:40 of 2nd period - Shot Misses the Net. 0:46 of 2nd period - Shot by Pius Suter. 0:46 of 2nd period - Stopped by Sergei Bobrovsky with a rebound. 1:26 of 2nd period - Shot by Auston Matthews. 1:26 of 2nd period - Stopped by Mackenzie Blackwood without a rebound. 1:27 of 2nd period - Anthony Cirelli wins face-off versus Evgeny Kuznetsov in ANAHEIM OUTLAWS zone. 1:31 of 2nd period - Shot by Valeri Nichushkin. 1:31 of 2nd period - Stopped by Mackenzie Blackwood without a rebound. 1:32 of 2nd period - Evgeny Kuznetsov wins face-off versus Auston Matthews in ANAHEIM OUTLAWS zone. 1:52 of 2nd period - Shot by Pavel Buchnevich. 1:52 of 2nd period - Shot Blocked by Adrian Kempe. 1:54 of 2nd period - Shot by Auston Matthews. 1:54 of 2nd period - Shot Misses the Net. 1:56 of 2nd period - Shot by Pavel Buchnevich. 1:56 of 2nd period - Shot Misses the Net. 1:58 of 2nd period - Shot by Pavel Buchnevich. 1:58 of 2nd period - Shot Blocked by Morgan Rielly. 2:14 of 2nd period - Shot by Pavel Buchnevich. 2:14 of 2nd period - Shot Misses the Net. 2:30 of 2nd period - Kevin Fiala is hit by Alexander Ovechkin and loses puck. 2:40 of 2nd period - Icing by Morgan Rielly. 2:41 of 2nd period - Evgeny Kuznetsov wins face-off versus Cody Eakin in ANAHEIM OUTLAWS zone. 2:57 of 2nd period - Shot by Jonathan Dahlen. 2:57 of 2nd period - Shot Misses the Net. 2:59 of 2nd period - Shot by Keegan Kolesar. 2:59 of 2nd period - Stopped by Mackenzie Blackwood without a rebound. 3:00 of 2nd period - Sam Bennett wins face-off versus Anthony Cirelli in ANAHEIM OUTLAWS zone. 3:13 of 2nd period - Shot by Sam Bennett. 3:13 of 2nd period - Shot Misses the Net. 3:15 of 2nd period - Shot by Michael Bunting. 3:15 of 2nd period - Shot Misses the Net. 3:17 of 2nd period - Shot by Sam Bennett. 3:17 of 2nd period - Deflect By Jeff Skinner. 3:17 of 2nd period - Goal by Jeff Skinner - ANAHEIM OUTLAWS : 1 - KELOWNA ROCKETS : 3. 3:18 of 2nd period - Auston Matthews wins face-off versus Pius Suter in neutral zone. 3:23 of 2nd period - Shot by Auston Matthews. 3:23 of 2nd period - Stopped by Mackenzie Blackwood without a rebound. 3:24 of 2nd period - Auston Matthews wins face-off versus Sam Bennett in ANAHEIM OUTLAWS zone. 3:57 of 2nd period - Shot by Auston Matthews. 3:57 of 2nd period - Stopped by Mackenzie Blackwood with a rebound. 4:10 of 2nd period - Shot by Anthony DeAngelo. 4:10 of 2nd period - Deflect By Pavel Buchnevich. 4:10 of 2nd period - Shot Blocked by Sam Bennett. 5:18 of 2nd period - Shot by Pius Suter. 5:18 of 2nd period - Stopped by Sergei Bobrovsky without a rebound. 5:19 of 2nd period - Anthony Cirelli wins face-off versus Pius Suter in KELOWNA ROCKETS zone. 5:26 of 2nd period - Shot by Alexander Ovechkin. 5:26 of 2nd period - Stopped by Mackenzie Blackwood with a rebound. 5:40 of 2nd period - Shot by Pius Suter. 5:40 of 2nd period - Shot Misses the Net. 6:31 of 2nd period - Icing by Dylan Coghlan. 6:32 of 2nd period - J.T. Compher wins face-off versus Jeff Skinner in ANAHEIM OUTLAWS zone. 6:38 of 2nd period - Icing by Sam Bennett. 6:39 of 2nd period - J.T. Compher wins face-off versus Sam Bennett in ANAHEIM OUTLAWS zone. 6:40 of 2nd period - Shot by Derek Ryan. 6:40 of 2nd period - Shot Misses the Net. 6:43 of 2nd period - Icing by Michael Bunting. 6:44 of 2